 Dungeon Crawl Stone Soup version 0.28.0-43-g3370ac3207 (webtiles) character file.

Game seed: 16304393020574784720

3 CryoSword the Caller (level 1, 0/14 HPs)
             Began as a Human Summoner on Mar 25, 2022.
             Slain by a jackal (2 damage)
             ... on level 1 of the Dungeon.
             The game lasted 00:01:11 (373 turns).

CryoSword the Caller (Human Summoner)                Turns: 373, Time: 00:01:12

Health: 0/14       AC:  3    Str:  8    XL:     1   Next: 55%
Magic:  0/3        EV: 12    Int: 15    God:
Gold:   0          SH:  0    Dex: 13    Spells: 3/4 levels left

rFire   . . .      SeeInvis .   b - +0 dagger
rCold   . . .      Faith    .   (no shield)
rNeg    . . .      Spirit   .   a - +1 robe
rPois   .          Reflect  .   (no helmet)
rElec   .          Harm     .   (no cloak)
rCorr   .          Rampage  .   (no gloves)
Will    .....                   (no boots)
Stlth   ++........              (no amulet)
HPRegen 0.04/turn               (no ring)
MPRegen 0.08/turn               (no ring)

@: no status effects
A: no striking features
a: no special abilities


You were on level 1 of the Dungeon.
You visited 1 branch of the dungeon, and saw 1 of its levels.

Inventory:

Hand Weapons
 b - a +0 dagger (weapon)
   (You took it off a kobold on level 1 of the Dungeon)
Armour
 a - a +1 robe (worn)


   Skills:
 * Level 0.6 Fighting
 - Level 2.0 Dodging
 - Level 2.0 Stealth
 - Level 2.0 Spellcasting
 + Level 4.0 Summonings


You had 3 spell levels left.
You knew the following spells:

 Your Spells              Type           Power      Damage    Failure   Level
a - Summon Small Mammal   Summ           52%        N/A       4%          1

Your spell library contained the following spells:

 Spells                   Type           Power      Damage    Failure   Level
 Call Imp                 Summ           13%        N/A       6%          2
 Call Canine Familiar     Summ           13%        N/A       13%         3
 Summon Guardian Golem    Hex/Summ       7%         N/A       28%         3
 Summon Lightning Spire   Summ/Air       7%         N/A       67%         4


Dungeon Overview and Level Annotations

Branches:
Dungeon (1/15)

Altars:


Message History

Gang up on whom?
Aim: a kobold, wielding a +0 dagger and quivering stones (ally target) Attack!
The kobold throws a stone.
The stone hits your quokka.
Your quokka bites the kobold.
The kobold barely misses your quokka.
The kobold hits your quokka with a +0 dagger.
Your quokka barely misses the kobold.
Your rat misses the kobold. The kobold barely misses your quokka.
Your quokka bites the kobold.
Your rat closely misses the kobold.
The kobold barely misses your quokka.
Your quokka barely misses the kobold.
Your rat bites the kobold but does no damage.
Your quokka bites the kobold.
The kobold dies!
You swap places.
Things that are here:
a +0 dagger; 5 stones; a kobold corpse
b - a +0 dagger
b - a +0 dagger (weapon)
Unknown command.
You swap places.
A goblin comes into view. It is wielding a +0 club.
A goblin is nearby!
A goblin is nearby!
A goblin is nearby!
The goblin shouts!
Your quokka disappears in a puff of smoke!
The goblin misses you.
You barely miss the goblin.
Your rat disappears in a puff of smoke!
The goblin barely misses you. The goblin hits you with a +0 club.
Your bat closely misses the goblin.
The goblin hits you with a +0 club.
Your bat closely misses the goblin.
You hit the goblin. Your bat misses the goblin.
The goblin hits you with a +0 club.
Your rat bites the goblin.
You barely miss the goblin.
Your bat closely misses the goblin.
The goblin barely misses you.
Your rat barely misses the goblin.
You closely miss the goblin. Your bat hits the goblin. The goblin misses you.
Your rat misses the goblin. You barely miss the goblin.
The goblin hits you with a +0 club.
* * * LOW HITPOINT WARNING * * *
Your bat closely misses the goblin.
Your rat barely misses the goblin.
You hit the goblin.
You kill the goblin!
Things that are here:
a +0 club; a goblin corpse You start resting.
Your bat disappears in a puff of smoke!
Your rat disappears in a puff of smoke!
You start resting.
c - a scroll labelled RUFYRYG QYGOL A giant cockroach and a jackal come into view.
Found an escape hatch in the floor.
The jackal barks!
You hear a shout!
A jackal comes into view.
The jackal moves out of view.
There are monsters nearby!
There are monsters nearby!
The jackal barely misses your rat. x2
The jackal barely misses your rat.
Your rat barely misses the jackal.
The jackal bites your rat.
Your rat dies!
Your rat's corpse disappears in a puff of smoke!
You swap places.
The jackal bites your rat but does no damage.
Your rat barely misses the jackal.
The jackal bites your rat.
Your rat dies!
Your rat's corpse disappears in a puff of smoke!
The jackal bites you. The jackal misses you.
Your bat barely misses the jackal.
The jackal bites you.
Your bat closely misses the jackal. x2; The jackal closely misses your bat.
The jackal closely misses you.
Your bat closely misses the jackal.
Your bat misses the jackal. The jackal completely misses your bat.
Things that are here:
a +0 club; a goblin skeleton Your bat misses the jackal.
Your bat hits the jackal.
The jackal bites your bat. x2; Your bat barely misses the jackal.
Your bat closely misses the jackal.
Your bat misses the jackal. The jackal completely misses your bat.
Your bat closely misses the jackal.
Your bat barely misses the jackal.
Your bat hits the jackal but does no damage.
The jackal bites your bat.
Your bat dies!
Your bat's corpse disappears in a puff of smoke!
You don't have enough magic to cast this spell.
You hit the jackal but do no damage.
Your bat hits the jackal but does no damage.
The jackal bites you.
Your bat closely misses the jackal.
You hit the jackal.
Your bat hits the jackal but does no damage.
The jackal closely misses you. The jackal barely misses you.
You don't have enough magic to cast this spell.
Your bat hits the jackal but does no damage.
Your bat barely misses the jackal.
The jackal completely misses you.
Your bat barely misses the jackal.
Things that are here:
5 stones; a kobold skeleton You closely miss the jackal.
You punch the jackal.
Your bat hits the jackal but does no damage.
The jackal bites you but does no damage.
The jackal bites you.
* * * LOW HITPOINT WARNING * * *
The jackal bites you.
* * * LOW HITPOINT WARNING * * *
The jackal misses you.
Your bat closely misses the jackal.
Your bat completely misses the jackal.
The jackal barely misses you.
Your bat closely misses the jackal.
The jackal barely misses your bat.
Your bat hits the jackal but does no damage.
The jackal closely misses you.
The jackal bites your bat but does no damage.
Your bat barely misses the jackal.
Your bat closely misses the jackal.
Your bat barely misses the jackal.
Something misses your bat. The jackal bites you.
* * * LOW HITPOINT WARNING * * *
Your bat hits the jackal but does no damage. x2
The jackal barely misses your bat. Something barely misses your bat.
Your bat barely misses the jackal.
Okay, then.
As you read the scroll labelled RUFYRYG QYGOL, it crumbles to dust.
It is a scroll of enchant armour.
Your +0 robe glows green for a moment.
Your bat hits the jackal but does no damage.
Your bat barely misses the jackal.
The jackal barely misses your bat. The jackal bites your bat.
The jackal barely misses you. The jackal closely misses your bat.
The jackal closely misses you.
Your bat barely misses the jackal.
The jackal closely misses your rat.
Your rat closely misses the jackal.
Your bat hits the jackal. The jackal bites your bat.
Your bat barely misses the jackal.
The jackal barely misses your rat.
Your bat barely misses the jackal.
The jackal completely misses something.
The jackal bites your rat. The jackal closely misses you.
Your rat bites the jackal but does no damage.
Your bat hits the jackal. The jackal bites your bat.
Your bat dies!
Your bat's corpse disappears in a puff of smoke!
The jackal bites your rat.
Your rat dies!
Your rat's corpse disappears in a puff of smoke!
The jackal barks!
You hit the jackal but do no damage. The jackal bites you.
* * * LOW HITPOINT WARNING * * *
The jackal misses you.
The jackal bites you but does no damage.
The jackal bites something but does no damage.
The jackal barely misses something.
The jackal bites your quokka. The jackal bites you.
You die...

........# ....h#
#####.### ...#
#.## h..# #.h#
h...# ##.# ....
#(### .?.
#...##########.#
##.....hhrh(...#
#....##'##@..$#
#....#...#....#
#..###.⌠.###..#
#..#.......#..#
#..#.⌠.<.⌠.#..#
#..#.......#..#
#..###.⌠.###..#
#...# ..# ##+##


You could see 3 jackals and a friendly quokka (summoned).

Vanquished Creatures
  A goblin (D:1)
1 creature vanquished.

Vanquished Creatures (collateral kills)
  A kobold (D:1)
  A rat (D:1)
2 creatures vanquished.

Grand Total: 3 creatures vanquished

Notes
Turn   | Place    | Note
-------+----------+-------------------------------------------
     0 | D:1      | CryoSword the Human Summoner began the quest for the Orb.
     0 | D:1      | Reached XP level 1. HP: 13/13 MP: 3/3
   373 | D:1      | Slain by a jackal

Illustrated notes

Levels and vault maps discovered:
D:1:      dpeg_arrival_simpleton_c, layout_basic

Action                   || total
-------------------------++-------
Melee: Dagger            ||    10
       Punch             ||     1
 Cast: Summon Small Mamm ||    12
  Use: Scroll            ||     1
Armor: Robe              ||     2
Dodge: Dodged            ||    16
